 Dungeon Crawl Stone Soup version 0.30-b1-2-g02819fbbbe (webtiles) character file.

Game seed: 12299800912940033533

2146 Mesmaeker13 the Conjurer (level 9, -10/66 HPs)
             Began as an Armataur Conjurer on May 31, 2023.
             Was an Initiate of Cheibriados.
             Shot with a bolt by an orc warrior (22 damage)
             ... on level 7 of the Dungeon.
             The game lasted 00:12:21 (7707 turns).

Mesmaeker13 the Conjurer (Armataur Conjurer)        Turns: 7707, Time: 00:12:22

Health: -10/66     AC:  6    Str: 15    XL:     9   Next: 9%
Magic:  14/17      EV: 10    Int: 23    God:    Cheibriados [......]
Gold:   213        SH:  0    Dex:  9    Spells: 11/18 levels left

rFire   + . .        m - +1 whip (flame)
rCold   + . .        (no shield)
rNeg    . . .        a - +0 robe
rPois   .            p - +1 helmet
rElec   .            (no cloak)
rCorr   .            (no gloves)
SInv    .            (no barding)
Will    .....        (no amulet)
Stlth   ++           r - ring of protection from fire
HPRegen 0.31/turn    t - ring of protection from cold
MPRegen 0.15/turn

%: roll
@: very slow
A: large, rugged brown scales 3, deformed body, armoured tail, roll, long
tongue, awkward tongue
a: Renounce Religion


You were on level 7 of the Dungeon.
You worshipped Cheibriados.
Cheibriados was noncommittal.
You visited 2 branches of the dungeon, and saw 8 of its levels.

You collected 213 gold pieces.

Inventory:

Hand Weapons
 g - a +1 whip of freezing
 m - a +1 whip of flaming (weapon)
 D - a +2 quarterstaff of pain
Missiles
 z - 3 poisoned darts (quivered)
Armour
 a - a +0 robe (worn)
 p - a +1 helmet (worn)
Magical Staves
 q - a staff of air
Jewellery
 r - a ring of protection from fire (left hand)
 t - a ring of protection from cold (right hand)
 B - a ring of wizardry
Scrolls
 b - 2 scrolls of fog {unknown}
 c - a scroll of fear {unknown}
 d - a scroll of enchant armour
 f - a scroll of blinking
 h - 2 scrolls of amnesia
 l - a scroll of acquirement {unknown}
 s - a scroll of noise {unknown}
 v - a scroll of immolation
 y - 2 scrolls of teleportation
 A - a scroll of magic mapping {unknown}
Potions
 e - a potion of resistance {unknown}
 j - 3 potions of haste
 n - a potion of mutation
 o - a potion of flight {unknown}
 u - 2 potions of berserk rage {unknown}
 x - 2 potions of curing
 C - a potion of magic


   Skills:
 + Level 4.9 Dodging
 - Level 2.1 Stealth
 + Level 5.4 Spellcasting
 + Level 6.8 Conjurations
 + Level 4.6 Hexes


You had 11 spell levels left.
You knew the following spells:

 Your Spells              Type           Power      Damage    Failure   Level
a - Magic Dart            Conj           100%       1d8       1%          1
b - Searing Ray           Conj           74%        2d7       1%          2
c - Fulminant Prism       Conj/Hex       16%        3d11      9%          4

Your spell library contained the following spells:

 Spells                   Type           Power      Damage    Failure   Level
 Dazzling Flash           Conj/Hex       64%        N/A       2%          3
 Cause Fear               Hex            13%        N/A       13%         4
 Iskenderun's Mystic Bla  Conj/Tloc      21%        2d6       22%         4
 Dragon Form              Tmut           3%         N/A       100%        7
 Dragon's Call            Summ           3%         N/A       100%        9


Dungeon Overview and Level Annotations

Branches:
Dungeon (7/15)             Temple (1/1) D:7

Altars:
Ashenzari
Cheibriados
Dithmenos
Elyvilon
Fedhas
Hepliaklqana
Kikubaaqudgha
Makhleb
Okawaru
Qazlal
Sif Muna
Trog
Uskayaw
Vehumet
Wu Jian
Xom
Yredelemnul
Zin
The Shining One

Shops:
D:6 [


Innate Abilities, Weirdness & Mutations

You are completely covered in rugged brown scales. (AC +3, +7% HP)
Armour fits poorly on your strangely shaped body.
You have a long armoured tail.
You roll when moving toward enemies. (Rampage)
Your long tongue fully drains potion bottles. (2x potion effects)
Your tongue gives you trouble enunciating. (1.5x scroll delay)


Message History

Cheibriados thoroughly appreciates the change of pace.
Items here: )) ††.
Okay, then.
You feel a little less mighty now.
Magic restored.
HP restored.
Items here: )) ††.
Found a stone staircase leading down.
You now have 213 gold pieces (gained 15).
An orc warrior comes into view. It is wielding a +0 glaive.
The orc warrior shouts!
The orc warrior unwields a +0 glaive.
The orc warrior wields a +0 arbalest.
The orc warrior shoots a bolt.
The bolt hits you!
You hear a shout!
Unknown command.
Casting: Searing Ray (safe; 1% risk of failure)
Confirm with . or Enter, or press ? or * to list all spells.
You don't know that spell.
Unknown command.
Casting: Searing Ray (safe; 1% risk of failure)
Confirm with . or Enter, or press ? or * to list all spells.
Aiming: Fulminant Prism (dangerous; 9% risk of failure)
Press: ? - help, Dir - move target You conjure a prism of explosive energy!
A fulminant prism comes into view.
The orc warrior shoots a bolt.
The bolt hits you!
Unknown command.
The orc warrior shoots a bolt.
The bolt closely misses you.
Your fulminant prism crackles loudly.
The orc warrior shoots a bolt.
The bolt hits you!!
Your fulminant prism explodes!
The blast of energy engulfs the orc warrior.
The orc warrior is moderately wounded.
An orc comes into view. It is wielding a +0 war axe.
The orc warrior shoots a bolt.
The bolt hits you!
* * * LOW HITPOINT WARNING * * *
The orc shouts!
You hear a shout! x2
The orc warrior shoots a bolt.
The bolt misses you.
The orc warrior shoots a bolt.
The bolt hits you!!
You die...

......... # #..#.#.o#
#.# #.......#..
######... ...
####......####.#
#............o.# ##
##.#...#..##.#### ...
............#.##
#>###.#......@###.#
####.....##.......#.##
..............##..##
#.......#.#####.........
#........#.# #.........
##.......#.## ..#.......
##.......####
.#########. #.......####
#. #...P..))).# #


You could see an orc warrior.

Vanquished Creatures
  Pikel (D:4)
  Sigmund (D:2)
  A steam dragon (D:7)
  A sky beast (D:6)
  An orc warrior (D:5)
  A black bear (D:5)
  An ice beast (D:7)
  2 lemures (D:4)
  Blork the orc (D:5)
  2 bullfrogs (D:6)
  2 scorpions
  2 howler monkeys
  3 hounds
  A gnoll bouda (D:7)
  2 orc priests
  3 iguanas
  A sleepcap (D:5)
  Terence (D:2)
  Natasha (thrice) (D:2)
  2 orc wizards
  4 gnolls (D:7)
  11 adders
  4 worms
  A dart slug (D:4)
  18 orcs
  8 ball pythons
  13 endoplasms
  3 giant cockroaches (D:1)
  7 hobgoblins
  7 quokkas
  4 bats
  4 frilled lizards
  5 goblins
  3 kobolds
  3 rats
127 creatures vanquished.

Vanquished Creatures (others)
  A fulminant prism (D:7)
1 creature vanquished.

Grand Total: 128 creatures vanquished

Notes
Turn   | Place    | Note
-------+----------+-------------------------------------------
     0 | D:1      | Mesmaeker13 the Armataur Conjurer began the quest for the
                  | Orb.
     0 | D:1      | Reached XP level 1. HP: 14/14 MP: 3/3
   345 | D:1      | Reached XP level 2. HP: 21/21 MP: 1/5
  1035 | D:1      | Found a faded altar of an unknown god.
  1206 | D:2      | Learned a level 2 spell: Searing Ray
  1296 | D:2      | Noticed Sigmund
  1298 | D:2      | Reached skill level 4 in Conjurations
  1298 | D:2      | Reached XP level 3. HP: 26/27 MP: 1/6
  1436 | D:2      | Noticed Natasha
  1945 | D:3      | Reached XP level 4. HP: 35/35 MP: 5/7
  2795 | D:4      | Reached XP level 5. HP: 40/40 MP: 2/9
  3064 | D:4      | Learned a level 4 spell: Fulminant Prism
  3264 | D:4      | Noticed a lemure
  3264 | D:4      | Noticed a lemure
  3294 | D:4      | Killed a lemure
  3451 | D:4      | Killed a lemure
  3467 | D:4      | Noticed Pikel
  3475 | D:4      | Noticed a lemure
  3479 | D:4      | Noticed a lemure
  3556 | D:5      | Entered Level 5 of the Dungeon
  3575 | D:5      | Noticed Blork the orc
  3680 | D:5      | Reached XP level 6. HP: 48/48 MP: 8/10
  3817 | D:5      | Reached skill level 1 in Hexes
  3830 | D:5      | Killed Blork the orc
  3831 | D:5      | Reached skill level 5 in Conjurations
  3925 | D:5      | Noticed an orc warrior
  3944 | D:5      | Killed an orc warrior
  3974 | D:5      | Reached XP level 7. HP: 49/53 MP: 2/12
  4052 | D:5      | Found an ancient bone altar of Kikubaaqudgha.
  4097 | D:5      | Found a bloodstained altar of Trog.
  4100 | D:5      | Found a hide-covered altar of Uskayaw.
  4857 | D:4      | Killed Pikel
  4858 | D:4      | Reached skill level 6 in Conjurations
  4858 | D:4      | Reached XP level 8. HP: 38/60 MP: 1/14
  5298 | D:2      | Killed Natasha
  5387 | D:2      | Noticed Natasha
  5472 | D:2      | Killed Sigmund
  5590 | D:2      | Killed Natasha
  5799 | D:2      | Noticed Terence
  5810 | D:2      | Killed Terence
  5897 | D:2      | Noticed Natasha
  5905 | D:2      | Killed Natasha
  6277 | D:6      | Reached skill level 5 in Spellcasting
  6296 | D:6      | Found Hemudgho's Antique Armour Shop.
  7162 | D:6      | Found a white marble altar of Elyvilon.
  7368 | D:7      | Found a staircase to the Ecumenical Temple.
  7376 | Temple   | Entered the Ecumenical Temple
  7506 | Temple   | Became a worshipper of Cheibriados the Contemplative
  7547 | D:7      | Reached XP level 9. HP: 9/66 MP: 1/17
  7707 | D:7      | Shot with a bolt by an orc warrior

Illustrated notes

Levels and vault maps discovered:
D:1:      lightli_arrival_statuegarden, layout_basic,
          dreamdust_ecumenical_altar_angels_and_demons,
          chequers_serial_rivers_small_b, minmay_misc_feat_room,
          chequers_hall_statues_wall_a
D:2:      layout_basic, uniq_sigmund, uniq_terence, uniq_natasha
D:3:      layout_basic
D:4:      layout_basic, feat_on_display, uniq_pikel
D:5:      layout_basic, gammafunk_temple_overflow_wave, general_overflow_altar,
          uniq_blork_the_orc
D:6:      layout_layer_cave, kennysheep_little_box, serial_shops,
          nicolae_shop_crystal
D:7:      lemuel_castle_with_subvaults [lemuel_castle_interior_carwin_2],
          layout_loops_cross, minmay_temple_entry_overgrown, uniq_duvessa
Temple:   regret_index_temple_waves

Skill      XL: |  1  2  3  4  5  6  7  8 |
---------------+-------------------------+-----
Spellcasting   | 2 3 4 5 |  5.4
Conjurations   | 4 5 6 |  6.8
Dodging        | 2 3 4 |  4.9
Hexes          | 1 3 4 |  4.6
Stealth        | |  2.1

Action                     |  1- 3 |  4- 6 |  7- 9 || total
---------------------------+-------+-------+-------++-------
  Melee: Short sword       |    18 |       |       ||    18
         Tailslap          |     2 |     7 |     4 ||    13
         Whip              |       |    56 |    25 ||    81
  Throw: Dart              |       |       |     5 ||     5
   Cast: Magic Dart        |    52 |    37 |    46 ||   135
         Searing Ray       |     4 |    20 |    24 ||    48
         Fulminant Prism   |       |       |     1 ||     1
    Use: Scroll            |     4 |     2 |     2 ||     8
         Potion            |     3 |     5 |     2 ||    10
 Armour: Robe              |    17 |    25 |    27 ||    69
  Dodge: Dodged            |    19 |    51 |    45 ||   115
